Map: Alcyone LE

Players

demzi

  • Race: Zerg Zerg
  • League: Diamond
  • Spawn Location: 1:00

snake - Winner!

  • Race: Protoss Protoss
  • League: Platinum
  • Spawn Location: 7:00

VOD

Have the link to the VOD?

Description

Time

  • Played on: March 24, 2024, 7:33 p.m.
  • Length: 18:14
Show
View Real Time Build Order
Export as new Build Order

demzi Zerg 

Build Orders: Hatch First 

Get SALT Encoding   

  12  0:00  Drone  
  13  0:12  Overlord  
  13  0:18  Drone  
  14  0:31  Drone x2  
  16  0:50  Hatchery  
  16  0:52  Drone  
  16  0:56  Drone  
  17  1:00  Drone  
  18  1:09  Drone  
  19  1:15  Extractor  
  18  1:21  Spawning Pool  
  18  1:22  Drone  
  18  1:29  Drone  
  19  1:39  Drone  
  20  1:50  Overlord  
  20  2:08  Queen x2  
  22  2:09  Zergling x4  
  22  2:12  Drone  
  22  2:14  Overlord  
  27  2:24  Drone x2  
  27  2:29  Metabolic Boost  
  29  2:34  Drone  
  29  2:35  Drone  
  31  2:43  Drone  
  31  2:53  Drone  
  31  2:54  Drone  
  31  2:56  Overlord  
  33  3:06  Drone  
  33  3:07  Drone  
  33  3:12  Hatchery  
  34  3:13  Queen  
  34  3:19  Drone x3  
  39  3:23  Drone  
  39  3:24  Drone  
  39  3:25  Drone  
  42  3:31  Spore Crawler  
  42  3:34  Drone, Spore Crawler  
  42  3:35  Drone  
  43  3:41  Drone  
  43  3:43  Drone  
  43  3:47  Extractor  
  43  3:51  Zergling x2  
  43  3:52  Zergling x10  
  49  4:03  Zergling x2  
  49  4:04  Zergling x4  
  49  4:09  Overlord  
  51  4:14  Zergling x2  
  52  4:26  Drone x6  
  58  4:34  Drone x3  
  58  4:35  Lair  
  61  4:40  Drone x2, Evolution Chamber  
  61  4:41  Baneling Nest  
  61  4:42  Evolution Chamber  
  61  4:44  Drone, Roach Warren  
  60  4:47  Drone x2  
  60  4:49  Extractor  
  61  5:15  Drone x5  
  61  5:16  Overlord x2  
  61  5:17  Overlord x3  
  66  5:25  Zerg Melee Weapons Level 1  
  66  5:32  Overlord x3  
  66  5:39  Drone x3  
  68  5:44  Roach x2  
  72  5:56  Spore Crawler  
  71  6:00  Hydralisk Den  
  61  6:11  Drone x10  
  71  6:28  Zerg Ground Armor Level 1  
  71  6:32  Drone x3  
  74  6:33  Drone  
  74  6:34  Drone x2  
  74  6:35  Extractor  
  76  6:45  Drone x2  
  76  6:46  Drone x2  
  80  6:50  Hatchery  
  80  6:51  Hydralisk  
  80  6:52  Hydralisk x2  
  80  6:53  Hatchery  
  84  6:58  Zergling x4  
  84  6:59  Zergling x14  
  93  7:06  Centrifugal Hooks  
  93  7:08  Overlord  
  93  7:09  Overlord x2  
  93  7:12  Overseer  
  93  7:21  Extractor, Drone  
  93  7:22  Drone  
  94  7:23  Drone x3, Extractor  
  94  7:24  Drone x3  
  94  7:27  Overlord x3  
  99  7:32  Muscular Augments  
  99  7:40  Zergling x4  
  101  7:47  Zergling x6  
  104  7:53  Hydralisk x3  
  110  8:12  Drone x10  
  120  8:15  Queen  
  120  8:17  Queen  
  124  8:21  Hydralisk  
  124  8:22  Hydralisk x7  
  140  8:33  Zerg Missile Weapons Level 1, Overlord  
  140  8:34  Overlord x5  
  140  8:36  Grooved Spines  
  140  8:45  Extractor, Drone  
  140  8:46  Drone x3, Extractor  
  140  8:47  Drone x2, Hydralisk x3  
  148  8:58  Hydralisk x5  
  137  9:18  Zergling x4  
  137  9:19  Zergling x24  
  132  9:35  Roach x6  
  132  9:36  Roach x3  
  130  9:55  Roach  
  130  9:56  Roach x7  
  133  10:10  Drone x5  
  132  10:21  Hydralisk x2  
  132  10:22  Hydralisk x2  
  132  10:24  Zerg Ground Armor Level 2  
  132  10:26  Glial Reconstitution  
  139  10:38  Zergling x10  
  139  10:39  Zergling x22  
  155  10:49  Drone  
  156  10:50  Drone x4  
  156  10:53  Unknown  
  158  10:57  Baneling  
  158  10:58  Baneling x7  
  158  10:59  Baneling  
  158  11:00  Baneling x3  
  158  11:03  Baneling  
  158  11:04  Baneling x4  
  157  11:06  Zergling x12  
  156  11:31  Roach x7  
  156  11:32  Roach x9  
  146  12:04  Roach x3  
  146  12:05  Roach x12  
  143  12:28  Roach  
  143  12:29  Roach x11  
  140  12:39  Ravager x2  
  140  12:40  Ravager x5  
  147  12:47  Zergling x14  
  154  12:53  Hatchery  
  154  12:56  Hatchery  
  140  13:09  Roach  
  140  13:10  Roach x7  
  117  13:31  Hydralisk  
  117  13:32  Hydralisk x7  
  133  13:38  Hatchery  
  105  14:01  Zergling x22  
  105  14:02  Zergling x6  
  113  14:10  Hydralisk x2  
  113  14:11  Hydralisk x2  
  121  14:20  Queen x2  
  121  14:22  Zergling x2  
  121  14:23  Zergling x12  
  132  14:25  Baneling  
  132  14:26  Baneling x4  
  132  14:27  Baneling x2  
  132  14:28  Baneling  
  132  14:29  Baneling  
  132  14:30  Baneling  
  132  14:31  Baneling  
  132  14:32  Baneling  
  132  14:49  Hatchery  
  120  15:15  Drone x2  
  120  15:16  Drone, Hydralisk x2  
  120  15:17  Hydralisk x5  
  120  15:18  Roach  
  139  15:25  Queen  
  141  15:36  Zergling x12  
  141  15:41  Baneling  
  141  15:42  Baneling x2  
  147  15:43  Baneling x5  
  118  16:12  Zergling x4  
  118  16:13  Zergling x20, Roach  
  118  16:14  Roach x4  
  140  16:20  Drone x4  
  140  16:24  Burrow  
  144  16:36  Queen  
  146  16:41  Drone  
  146  16:42  Drone x5  
  146  16:43  Drone x2  
  146  16:44  Drone  
  152  17:02  Baneling x4  
  152  17:03  Baneling x11  
  152  17:07  Hydralisk  
  152  17:08  Zergling x12  
  160  17:22  Drone x2  
  158  17:32  Zergling x2  
  158  17:33  Zergling x14, Hydralisk x3  
  158  17:46  Zergling x10  
  158  17:47  Zergling x8  
Show
View Real Time Build Order
Export as new Build Order

snake Protoss - Winner!

Build Orders: 1 Gate Expand 

Get SALT Encoding   

  12  0:00  Probe  
  13  0:12  Probe  
  14  0:23  Pylon  
  14  0:27  Probe  
  15  0:41  Probe  
  16  0:52  Gateway, Assimilator  
  16  0:53  Probe  
  17  1:05  Probe  
  18  1:17  Probe  
  19  1:28  Nexus  
  19  1:40  Cybernetics Core  
  19  1:42  Zealot  
  21  1:49  Probe  
  22  1:55  Pylon  
  22  2:06  Gateway  
  22  2:13  Zealot (Chrono Boost)  
  24  2:17  Probe  
  25  2:30  Assimilator  
  25  2:31  Probe, Pylon  
  26  2:37  Adept (Chrono Boost)  
  28  2:49  Warp Gate  
  28  2:51  Probe (Chrono Boost)  
  29  3:01  Probe (Chrono Boost)  
  29  3:02  Stalker  
  29  3:04  Zealot  
  34  3:05  Probe (Chrono Boost)  
  35  3:13  Assimilator  
  35  3:14  Probe  
  35  3:15  Assimilator  
  35  3:17  Probe  
  37  3:29  Probe  
  37  3:31  Stargate  
  38  3:41  Probe  
  39  3:49  Sentry  
  39  3:52  Probe (Chrono Boost)  
  43  3:58  Probe (Chrono Boost)  
  44  4:03  Shield Battery, Probe (Chrono Boost)  
  44  4:04  Shield Battery  
  44  4:08  Probe x2 (Chrono Boost)  
  46  4:17  Probe  
  46  4:18  Probe  
  44  4:25  Sentry  
  44  4:26  Sentry  
  52  4:32  Oracle (Chrono Boost)  
  52  4:36  Pylon  
  51  4:41  Pylon  
  51  4:47  Probe  
  51  4:48  Probe  
  51  4:50  Gateway  
  53  4:59  Oracle (Chrono Boost), Probe  
  54  5:00  Probe  
  58  5:09  Zealot x2  
  58  5:11  Probe  
  58  5:13  Probe  
  64  5:17  Twilight Council  
  64  5:25  Probe  
  65  5:37  Probe  
  65  5:41  Stalker x2  
  70  5:48  Gateway  
  70  5:50  Gateway  
  70  5:51  Gateway  
  70  6:18  Blink (Chrono Boost)  
  70  6:20  Pylon  
  70  6:21  Pylon  
  70  6:24  Templar Archives, Pylon  
  70  6:38  Probe  
  71  6:42  Nexus  
  71  6:44  Pylon  
  71  6:46  Adept x3  
  77  6:48  Pylon  
  77  6:50  Pylon, Probe  
  77  6:51  Psionic Storm  
  78  6:57  Pylon  
  78  7:02  Probe  
  78  7:04  High Templar x2  
  78  7:05  High Templar  
  85  7:12  High Templar x2  
  85  7:14  Probe  
  90  7:20  Forge  
  90  7:22  Forge  
  90  7:24  Forge  
  90  7:25  High Templar  
  90  7:26  Probe  
  93  7:30  Gateway  
  93  7:34  Gateway  
  93  7:36  Gateway  
  93  7:41  Probe  
  94  7:47  Stalker  
  94  7:48  Stalker x2  
  94  7:50  High Templar  
  102  7:56  Assimilator  
  102  7:59  Shield Battery  
  102  8:00  Assimilator  
  102  8:03  Photon Cannon  
  102  8:07  Protoss Shields Level 1 (Chrono Boost), Protoss Ground Weapons Level 1 (Chrono Boost)  
  102  8:12  Protoss Ground Armor Level 1 (Chrono Boost)  
  102  8:25  Stalker x2  
  102  8:26  Zealot  
  102  8:27  Zealot  
  110  8:33  Probe  
  111  8:39  Photon Cannon  
  111  8:41  Photon Cannon  
  111  8:45  Probe  
  104  9:10  High Templar x3, Zealot  
  104  9:11  Zealot x5  
  81  9:31  Charge (Chrono Boost)  
  120  9:41  Zealot x4  
  120  9:42  Zealot x3  
  121  9:55  Archon x2  
  121  9:56  Archon  
  97  10:03  Zealot  
  97  10:04  Zealot x6  
  97  10:05  Zealot  
  101  10:15  High Templar  
  103  10:23  Photon Cannon  
  103  10:24  Photon Cannon  
  103  10:28  High Templar x2  
  103  10:29  Gateway  
  107  10:55  Nexus  
  107  10:56  High Templar x5, Pylon  
  117  10:57  Zealot x2  
  117  10:59  Pylon  
  120  11:11  Zealot x2  
  100  11:43  Zealot  
  100  11:44  Zealot x5  
  100  11:45  Zealot x3  
  104  12:17  Probe  
  104  12:19  Zealot x3  
  104  12:20  Zealot x4  
  119  12:29  Probe  
  120  12:43  Robotics Facility  
  120  12:44  Robotics Facility  
  120  12:46  Robotics Facility  
  120  12:48  Probe  
  120  12:49  Photon Cannon  
  120  12:50  Photon Cannon  
  121  12:54  High Templar  
  121  12:55  High Templar, Photon Cannon  
  121  12:56  High Templar x5  
  135  13:00  Photon Cannon  
  135  13:02  Photon Cannon  
  135  13:03  Photon Cannon  
  125  13:07  Archon x3  
  125  13:08  Archon  
  125  13:11  Zealot x2  
  89  13:20  Archon x3  
  89  13:26  High Templar  
  87  13:28  High Templar x2  
  87  13:29  High Templar  
  87  13:32  Immortal  
  87  13:33  Immortal  
  101  13:35  Protoss Ground Armor Level 2 (Chrono Boost), Immortal  
  105  13:46  Protoss Ground Weapons Level 2 (Chrono Boost)  
  99  13:48  Archon  
  95  14:00  Pylon  
  95  14:02  Pylon  
  91  14:06  Zealot x3  
  91  14:07  Zealot, High Templar x2  
  103  14:22  Immortal (Chrono Boost)  
  103  14:26  Immortal (Chrono Boost)  
  103  14:31  High Templar  
  113  14:34  Assimilator  
  113  14:41  High Templar  
  113  14:42  High Templar x3  
  121  14:57  Immortal  
  121  14:59  Immortal  
  121  15:18  Protoss Shields Level 2 (Chrono Boost)  
  121  15:21  Robotics Bay  
  121  15:29  Probe  
  121  15:33  Assimilator, Probe  
  121  15:34  Probe x2  
  125  15:46  Observer x2  
  107  16:13  Colossus x3 (Chrono Boost)  
  107  16:16  Extended Thermal Lance (Chrono Boost)  
  125  16:26  Zealot x4  
  125  16:27  Zealot  
  135  16:52  Zealot x3  
  135  16:53  Zealot x2  
  135  16:59  Colossus (Chrono Boost)  
  135  17:02  Colossus (Chrono Boost)  
  135  17:07  High Templar x2  
  151  17:24  Zealot  
  151  17:25  Zealot x3  
  139  18:08  Archon  
Tags
 
Add a new tag
Caveats
  • Supply blocks, unpowered buildings, or Contaminate may cause inaccurate times.
  • Supply counts are checked every 10 seconds.